 Dungeon Crawl Stone Soup version 0.31-a0-188-g5e087ee2ca (webtiles) character file.

Game seed: 6795778151882688289

3654 qw the Markself (level 9, -12/52 HPs)
             Began as a Deep Elf Hunter on June 23, 2023.
             Was a Follower of Okawaru.
             Mangled by Maggie
             ... wielding a +0 glaive
              (19 damage)
             ... on level 7 of the Dungeon.
             The game lasted 00:02:27 (5548 turns).

qw the Markself (Deep Elf Hunter)                   Turns: 5548, Time: 00:02:27

Health: -12/52     AC:  9    Str:  9 (12) XL:     9   Next: 88%
Magic:  10/12      EV: 22    Int: 14 (15) God:    Okawaru [*.....]
Gold:   105        SH:  0    Dex: 16 (18) Spells: 8/8 levels left

rFire   + . .        Y - +2 orcbow
rCold   . . .        (shield currently unavailable)
rNeg    . . .        q - +2 leather armour {rF+}
rPois   .            b - +0 helmet
rElec   .            (no cloak)
rCorr   .            d - +0 pair of gloves
SInv    .            (no boots)
Will    .....        n - amulet of the acrobat
Stlth   +++          e - +5 ring of evasion
HPRegen 0.28/turn    (no ring)
MPRegen 0.13/turn

%: acrobat
@: heroic, mesmerised
A: no striking features
a: Renounce Religion, Heroism


You were on level 7 of the Dungeon.
You worshipped Okawaru.
Okawaru was aware of your devotion.
You visited 2 branches of the dungeon, and saw 8 of its levels.
You also visited: Sewer.

You collected 210 gold pieces.
You spent 105 gold pieces at shops.


   Skills:
 + Level 3.8(8.8) Fighting
 - Level 18.2(23.2) Ranged Weapons
 - Level 7.6(12.6) Armour
 - Level 5.0(10.0) Dodging
 - Level 1.2(6.2) Stealth
 + Level 1.6 Invocations


You had 8 spell levels left.
You didn't know any spells.
Your spell library was empty.

Inventory:

Hand Weapons
 Y - a +2 orcbow (weapon)
Armour
 b - a +0 helmet (worn)
 c - a +2 pair of boots
 d - a +0 pair of gloves (worn)
 k - a +0 ring mail
 q - a +2 leather armour of fire resistance (worn)
Jewellery
 a - a ring of ice
 e - a +5 ring of evasion (left hand)
 n - an amulet of the acrobat (around neck)
Wands
 j - a wand of digging (7)
Scrolls
 i - a scroll of identify
Potions
 f - 4 potions of mutation
 g - 3 potions of enlightenment
 h - 5 potions of curing
 l - 2 potions of haste
 o - a potion of ambrosia {unknown}

Dungeon Overview and Level Annotations

Branches:
Dungeon (7/15)             Temple (1/1) D:5           Sewer (visited)

Altars:
Ashenzari
Dithmenos
Elyvilon
Fedhas
Gozag
Kikubaaqudgha
Nemelex Xobeh
Okawaru
Ru
Sif Muna
Trog
Uskayaw
Vehumet
Wu Jian
Xom
Yredelemnul
Zin
The Shining One

Shops:
D:4 ((**[   D:5 *

Annotations:
D:4 1 runed translucent door, qw's ghost, novice DEHu
D:5 1 runed translucent door, Crazy Yiuf
D:7 Maggie


Message History

Maggie is moderately wounded.
You shoot an arrow. The arrow hits Maggie.
Maggie is moderately wounded.
You shoot an arrow. The arrow hits Maggie!
Maggie is heavily wounded.
You shoot an arrow. The arrow completely misses Maggie.
Maggie drinks a potion.
Maggie seems to grow stronger.
The shadow imp gestures at you. You resist with significant effort.
You shoot an arrow. The arrow closely misses Maggie.
Maggie barely misses you.
You shoot an arrow.
The arrow hits Maggie but does no damage.
Maggie is heavily wounded.
You shoot an arrow. The arrow hits Maggie!
Maggie is severely wounded.
Maggie casts a spell at you. The bolt of fire hits you! You resist.
5544 ||| INVOKING Heroism.
You gain the combat prowess of a mighty hero.
Maggie closely misses you.
The shadow imp hits you but does no damage.
You shoot an arrow.
The arrow closely misses the shadow imp.
The arrow hits Maggie!
Maggie is almost dead.
Maggie casts a spell.
Maggie draws you further into her thrall.
The shadow imp misses you.
You shoot an arrow.
The arrow hits the shadow imp but does no damage.
Maggie hits you from afar with a +0 glaive!!
Ouch! That really hurt!
The shadow imp hits you but does no damage.
You shoot an arrow. The arrow hits the shadow imp.
The shadow imp is moderately wounded.
You shoot an arrow. The arrow hits the shadow imp.
The shadow imp is heavily wounded.
Maggie hits you from afar with a +0 glaive!!
You die...

...#.##.# #....#
........# #....#
.#.#.#### #....#
.#...# #....#
################
######
...............#
#####.########.####
# #.# #....# # #.#
#..@.# # #.# #.)5)#
#####.# ###@)#
......# ##).#
####### #)# .# ..
#..


You could see Maggie (mesmerising, strong) and a shadow imp.

Vanquished Creatures
  Eustachio (D:5)
  A water moccasin (D:6)
  Duvessa (D:7)
  2 orc warriors
  An ice beast (D:6)
  An ogre (D:5)
  A centaur (D:7)
  A phantom (D:6)
  A kobold brigand (D:7)
  2 scorpions
  A bullfrog (D:7)
  5 wights (D:6)
  Dowan (D:7)
  4 howler monkeys
  2 hounds (D:5)
  7 jellies
  A gnoll bouda (D:7)
  4 iguanas
  Jessica (D:2)
  2 sleepcaps
  4 orc wizards
  A statue (D:3)
  14 gnolls
  11 adders
  A river rat (Sewer)
  A shadow imp (D:7)
  An ufetubus (D:4)
  A worm (D:2)
  3 dart slugs
  20 orcs
  11 ball pythons
  12 endoplasms
  6 giant cockroaches
  5 goblins
  6 hobgoblins
  4 jackals (D:1)
  9 quokkas
  7 bats
  5 frilled lizards
  9 kobolds
  15 rats
186 creatures vanquished.

Vanquished Creatures (others)
  An orc wizard (D:7)
  2 gnolls (D:7)
3 creatures vanquished.

Grand Total: 189 creatures vanquished

Notes
Turn   | Place    | Note
-------+----------+-------------------------------------------
     0 | D:1      | qw the Deep Elf Hunter began the quest for the Orb.
     0 | D:1      | Reached XP level 1. HP: 12/12 MP: 3/3
     0 | D:1      | 0 ||| qw: Version: 0.3-a-9-g12657ce
     0 | D:1      | 0 ||| qw: Game counter: 3880
     0 | D:1      | 0 ||| qw: Always use a shield: true
     0 | D:1      | 0 ||| qw: God list: Okawaru
     0 | D:1      | 0 ||| qw: Allow faded altars: false
     0 | D:1      | 0 ||| qw: Do Orc after D:15 true
     0 | D:1      | 0 ||| qw: Do second Lair branch before Depths: true
     0 | D:1      | 0 ||| qw: Lair rune preference: random
     0 | D:1      | 0 ||| qw: Plans: Normal
     0 | D:1      | 0 ||| PLANNING D:1-11
   138 | D:1      | Reached skill level 6 in Ranged Weapons
   138 | D:1      | Reached XP level 2. HP: 15/16 MP: 4/4
   378 | D:1      | Reached XP level 3. HP: 19/20 MP: 5/5
   525 | D:1      | 525 ||| SWAPPING to +0 orcbow.
   526 | D:1      | 526 ||| DROPPING +0 shortbow.
   736 | D:1      | 736 ||| UPGRADING to +5 ring of evasion.
   737 | D:1      | 737 ||| READING 2 scrolls labelled DUAMME HOUWU.
   738 | D:1      | 738 ||| READING 2 scrolls labelled COUDDI IPSOH.
   739 | D:1      | 739 ||| READING scroll of enchant weapon.
   739 | D:1      | 739 ||| ENCHANTING +1 orcbow.
   740 | D:1      | 740 ||| READING 3 scrolls labelled TUIVAERORI.
   741 | D:1      | 741 ||| DRINKING 2 sedimented blue potions.
   742 | D:1      | 742 ||| DROPPING scroll of butterflies.
   743 | D:1      | 743 ||| DROPPING 2 scrolls of fear.
   847 | D:2      | Reached skill level 7 in Ranged Weapons
  1047 | D:2      | Reached XP level 4. HP: 25/25 MP: 6/6
  1051 | D:2      | Noticed Jessica
  1053 | D:2      | Killed Jessica
  1197 | D:2      | Reached skill level 8 in Ranged Weapons
  1492 | D:2      | 1492 ||| UPGRADING to +0 helmet.
  1497 | D:2      | 1497 ||| UPGRADING to amulet of guardian spirit.
  1502 | D:2      | 1502 ||| READING scroll labelled QIMORI NUTWO.
  1503 | D:2      | 1503 ||| DRINKING 3 emerald potions.
  1553 | D:3      | 1553 ||| PLANNING SEWER
  1626 | D:3      | Reached XP level 5. HP: 29/29 MP: 7/7
  1767 | D:3      | Found a radiant altar of Vehumet.
  1767 | D:3      | Noticed a frost-covered statue
  1772 | D:3      | Killed a frost-covered statue
  1773 | D:3      | Reached skill level 9 in Ranged Weapons
  1781 | D:3      | Reached skill level 3 in Dodging
  2067 | D:3      | Found a glowing drain.
  2068 | D:3      | 2068 ||| UPGRADING to +0 ring mail.
  2078 | D:3      | 2078 ||| DROPPING +0 leather armour.
  2079 | D:3      | 2079 ||| READING 3 scrolls of identify.
  2079 | D:3      | 2079 ||| IDENTIFYING lumpy cyan potion
  2080 | D:3      | 2080 ||| READING 2 scrolls of identify.
  2080 | D:3      | 2080 ||| IDENTIFYING dark potion
  2081 | D:3      | 2081 ||| DROPPING potion of berserk rage.
  2085 | Sewer    | Entered a sewer
  2146 | Sewer    | Reached XP level 6. HP: 35/35 MP: 8/8
  2170 | Sewer    | 2170 ||| Stepping ~*~*~tactically~*~*~ (water).
  2231 | Sewer    | 2231 ||| Stepping ~*~*~tactically~*~*~ (water).
  2289 | Sewer    | Found a viscous altar of Jiyva.
  2335 | Sewer    | 2335 ||| DRINKING 3 gluggy blue potions.
  2336 | Sewer    | 2336 ||| DRINKING 2 viscous inky potions.
  2336 | Sewer    | Reached skill level 18 in Ranged Weapons
  2336 | Sewer    | Reached XP level 7. HP: 40/40 MP: 9/9
  2337 | Sewer    | 2337 ||| DRINKING potion of experience.
  2337 | Sewer    | Reached XP level 8. HP: 44/44 MP: 10/10
  2338 | Sewer    | 2338 ||| READING 2 scrolls of identify.
  2338 | Sewer    | 2338 ||| IDENTIFYING blue potion
  2339 | Sewer    | 2339 ||| DROPPING 2 potions of invisibility.
  2360 | D:3      | 2360 ||| PLANNING D:1-11
  2386 | D:3      | Found an opulent altar of Gozag.
  2510 | D:4      | Found Neph's Armour Emporium.
  2527 | D:4      | Found Oliazaa's Assorted Antiques.
  2540 | D:4      | 2540 ||| BUYING bubbling ruby potion (22 gold).
  2540 | D:4      | Bought a bubbling ruby potion for 22 gold pieces
  2540 | D:4      | 2540 ||| SHOPLISTING pair of boots (112 gold, have 73).
  2540 | D:4      | 2540 ||| BUYING scroll labelled ISUAHO WYATZ (25 gold).
  2540 | D:4      | Bought a scroll labelled ISUAHO WYATZ for 25 gold pieces
  2540 | D:4      | 2540 ||| BUYING scroll labelled PYUCUI ES TYWO (25 gold).
  2540 | D:4      | Bought a scroll labelled PYUCUI ES TYWO for 25 gold pieces
  2564 | D:4      | Found Giorpho's Weapon Emporium.
  2649 | D:4      | Found Cotz's Weapon Boutique.
  2796 | D:4      | Noticed qw's ghost (novice DEHu)
  2801 | D:4      | Found a runed translucent door.
  3001 | D:4      | Found Kamata's General Store.
  3004 | D:4      | 3004 ||| SHOPLISTING +0 troll leather armour (165 gold,
                  | have 38).
  3004 | D:4      | 3004 ||| SHOPLISTING +2 ring mail of cold resistance (231
                  | gold, have 38).
  3004 | D:4      | 3004 ||| SHOPLISTING ring of fire (275 gold, have 38).
  3004 | D:4      | 3004 ||| SHOPLISTING scroll of enchant armour (82 gold,
                  | have 38).
  3004 | D:4      | 3004 ||| BUYING scroll of teleportation (33 gold).
  3004 | D:4      | Bought a scroll of teleportation for 33 gold pieces
  3004 | D:4      | 3004 ||| SHOPLISTING wand of digging (3) (138 gold, have
                  | 5).
  3072 | D:4      | 3072 ||| READING scroll labelled PYUCUI ES TYWO.
  3091 | D:5      | Entered Level 5 of the Dungeon
  3321 | D:5      | Found Nuuvvire's Assorted Antiques.
  3326 | D:5      | 3326 ||| SHOPLISTING metallic purple potion (23 gold, have
                  | 19).
  3326 | D:5      | 3326 ||| SHOPLISTING potion of haste (260 gold, have 19).
  3326 | D:5      | 3326 ||| SHOPLISTING runed scale mail (182 gold, have 19).
  3547 | D:5      | Noticed Eustachio
  3553 | D:5      | Killed Eustachio
  3554 | D:5      | Reached skill level 3 in Fighting
  3554 | D:5      | Reached XP level 9. HP: 50/50 MP: 11/11
  3580 | D:5      | Found a staircase to the Ecumenical Temple.
  3581 | D:5      | 3581 ||| PLANNING TEMPLE
  3581 | D:5      | 3581 ||| UPGRADING to +2 leather armour of fire resistance.
  3591 | D:5      | 3591 ||| DROPPING ring of wizardry.
  3592 | D:5      | 3592 ||| READING scroll labelled POCOTR NOHUE.
  3593 | D:5      | 3593 ||| DRINKING 2 bubbling ruby potions.
  3594 | D:5      | 3594 ||| DROPPING potion of degeneration.
  3600 | Temple   | Entered the Ecumenical Temple
  3605 | Temple   | 3605 ||| PLANNING OKAWARU WORSHIP
  3667 | Temple   | Became a worshipper of Warmaster Okawaru
  3668 | Temple   | 3668 ||| PLANNING D:1-11
  3668 | Temple   | 3668 ||| REMOVING amulet of guardian spirit.
  3673 | Temple   | 3673 ||| DROPPING amulet of guardian spirit.
  3674 | Temple   | 3674 ||| UPGRADING to amulet of the acrobat.
  3791 | D:5      | Found a runed translucent door.
  3792 | D:5      | Noticed Crazy Yiuf
  3893 | D:5      | Found a hide-covered altar of Uskayaw.
  4122 | D:5      | 4122 ||| READING scroll labelled EDAVAX KEEVATT.
  4264 | D:6      | 4264 ||| STAIRDANCE
  4466 | D:6      | HP: 8/47 [wight/+1 dagger of speed (5)]
  4467 | D:6      | 4467 ||| READING 3 scrolls of teleportation.
  4472 | D:6      | 4472 ||| FLEEEEING.
  4473 | D:6      | 4473 ||| FLEEEEING.
  4474 | D:6      | 4474 ||| READING 2 scrolls of teleportation.
  4478 | D:6      | HP: 7/46 [orc/stone (2)]
  4481 | D:6      | 4481 ||| READING scroll of teleportation.
  4481 | D:6      | HP: 3/46 [wight/+0 flail (5)]
  4484 | D:6      | 4484 ||| FLEEEEING.
  4485 | D:6      | 4485 ||| STAIRDANCE
  4862 | D:6      | Reached * piety under Okawaru
  4917 | D:6      | 4917 ||| INVOKING Heroism.
  5025 | D:6      | Found a broken altar of Ashenzari.
  5088 | D:6      | Found an ancient bone altar of Kikubaaqudgha.
  5097 | D:6      | Found a shimmering altar of Xom.
  5201 | D:6      | 5201 ||| UPGRADING to +0 pair of gloves.
  5206 | D:6      | 5206 ||| DROPPING +6 ring of intelligence.
  5207 | D:6      | 5207 ||| DRINKING 2 lumpy coppery potions.
  5208 | D:6      | 5208 ||| DROPPING potion of attraction.
  5254 | D:7      | Noticed Dowan
  5254 | D:7      | Noticed Duvessa
  5265 | D:7      | Killed Duvessa
  5271 | D:7      | Killed Dowan
  5437 | D:7      | Reached skill level 1 in Invocations
  5505 | D:7      | 5505 ||| INVOKING Heroism.
  5524 | D:7      | Noticed Maggie
  5544 | D:7      | 5544 ||| INVOKING Heroism.
  5546 | D:7      | HP: 7/52 [Maggie/+0 glaive (27)]
  5548 | D:7      | Mangled by Maggie

Levels and vault maps discovered:
D:1:      grunt_arrival_crossed_arrows, layout_basic
D:2:      layout_basic, kennysheep_another_room, uniq_jessica
D:3:      layout_basic, vehumet_statue, mainiacjoe_overflow_alcove_4,
          gup_sewer_entry_bowl
D:4:      layout_basic, hellmonk_ghost_happy_afterlife, serial_shops,
          kennysheep_mini, shop, nicolae_shop_temple_entry_statues_fountains,
          nicolae_shop_tiny_real_fake_doors, shop
D:5:      layout_loops_ring, nicolae_uskayaw_murder_on_the_dancefloor,
          minmay_temple_entry_enclosed_plants, serial_shops, shop_fountains,
          uniq_eustachio, uniq_crazy_yiuf_cottage
D:6:      layout_cave_pools, ashenzari_altar_1, mainiacjoe_overflow_swirl
D:7:      layout_basic, mainiacjoe_overflow_surrounded_room, serial_shops, shop,
          uniq_maggie, uniq_duvessa
Temple:   nicolae_temple_x_marks_the_god

Skill      XL: |  1  2  3  4  5  6  7  8  9 |
---------------+----------------------------+-----
Ranged Weapons | 6 7 8 9 18 | 18.2
Dodging        | 3 5 |  5.0
Fighting       | 2 3 |  3.8
Armour         | 7 |  7.6
Invocations    | 1 |  1.6
Stealth        | |  1.2

Action                     |  1- 3 |  4- 6 |  7- 9 || total
---------------------------+-------+-------+-------++-------
   Fire: Shortbow          |    71 |       |       ||    71
         Orcbow            |    41 |   130 |   329 ||   500
 Invoke: Heroism           |       |       |     3 ||     3
    Use: Scroll            |     4 |     3 |     7 ||    14
         Potion            |     1 |     3 |     3 ||     7
 Armour: Leather armour    |    13 |       |    24 ||    37
         Ring mail         |       |     5 |     3 ||     8
  Dodge: Dodged            |    36 |    19 |    88 ||   143

Table legend:
 A = Non-vault XP
 B = Vault XP
 C = Vault XP percentage of total XP
 D = Non-vault monster count
 E = Vault monster count
 F = Vault count percentage of total count
                 A         B        C        D         E       F
            +---------+---------+-------+---------+---------+-------
      Total |    2948 |     700 |  19.2 |     153 |      35 |  18.6
            +---------+---------+-------+---------+---------+-------
        D:1 |      57 |       0 |   0.0 |      32 |       0 |   0.0
        D:2 |      76 |      37 |  32.7 |      23 |       1 |   4.2
        D:3 |     128 |      37 |  22.4 |      15 |       4 |  21.1
        D:4 |     213 |       0 |   0.0 |      22 |       0 |   0.0
        D:5 |     698 |     182 |  20.7 |      18 |       1 |   5.3
        D:6 |     881 |       0 |   0.0 |      14 |       0 |   0.0
        D:7 |     895 |     216 |  19.4 |      29 |       2 |   6.5
      Sewer |       0 |     228 | 100.0 |       0 |      27 | 100.0
            +---------+---------+-------+---------+---------+-------
